AoeStats
← I am mad

MegaRandom

504885237Analyzed
3v3 RM · 26d ago on Sep 6, 2026· 35m 19s· 6 players
Game mode
Random Map
Map size
Normal (6 player)
Population
200
Speed
Normal
Resources
Standard
Victory
Conquest
Starting age
Dark Age
Ending age
Imperial Age
RankedLock teamsTeams togetherTeam positionsShared explorationLock speedFull tech treeHidden civsTurbo modeCheats
Victory
Defeat
🇺🇸 Goths · United States
1219
+15
🇳🇿 Bengalis · New Zealand
1180
+17
🇲🇩 Mongols · Moldova
1173
+17
🇺🇸 Inca · United States
1234
-18
🇺🇸 Magyars · United States
1210
-17
🇪🇨 Mongols · Ecuador
1145
-14
I am mad
1:32 Loom
11:31 Feudal Age
12:22 Man-at-Arms
12:48 Double-Bit Axe
12:44 Horse Collar
15:44 Scale Mail Armor
16:25 Forging
18:18 Wheelbarrow
23:19 Castle Age
25:49 Squires
30:38 Bow Saw
31:42 Town Watch
I am vlad
9:01 Loom
11:53 Feudal Age
13:39 Horse Collar
14:48 Forging
15:20 Scale Barding Armor
16:21 Bloodlines
25:18 Castle Age
25:17 Double-Bit Axe
25:47 Light Cavalry
26:40 Husbandry
27:17 Iron Casting
27:49 Chain Barding Armor
29:10 Wheelbarrow
28:25 Town Watch
33:00 Fletching
33:10 Padded Archer Armor
Tulip
8:44 Loom
11:35 Feudal Age
12:11 Double-Bit Axe
12:18 Gold Mining
12:21 Horse Collar
15:22 Fletching
22:44 Town Watch
26:59 Scale Barding Armor
29:25 Wheelbarrow
31:50 Castle Age
32:09 Bloodlines
31:56 Stone Mining
32:36 Light Cavalry
33:39 Crossbowman
34:21 Bodkin Arrow
34:27 Padded Archer Armor
Pished
13:49 Feudal Age
16:13 Double-Bit Axe
16:13 Horse Collar
18:31 Fletching
25:37 Loom
28:25 Castle Age
27:37 Wheelbarrow
27:39 Champi Runner
28:40 Gold Mining
28:40 Stone Mining
29:07 Scale Mail Armor
31:10 Bow Saw
32:27 Champi Warrior
33:53 Squires
34:43 Forging
Steppo
3:28 Loom
4:27 Loom
6:32 Loom
11:47 Feudal Age
14:24 Bloodlines
14:39 Scale Barding Armor
15:22 Town Watch
26:43 Castle Age
25:09 Stone Mining
25:37 Double-Bit Axe
25:36 Horse Collar
27:30 Light Cavalry
28:11 Husbandry
29:46 Corvinian Army
33:39 Fletching
34:24 Gold Mining
35:43 Bow Saw
El_Warnersito
6:06 Loom
9:40 Feudal Age
11:44 Double-Bit Axe
13:06 Horse Collar
14:34 Forging
15:28 Scale Barding Armor
18:16 Bloodlines
19:44 Fletching
20:42 Padded Archer Armor
22:25 Wheelbarrow
25:51 Town Watch
26:09 Gold Mining
28:51 Castle Age
29:31 Bodkin Arrow
29:49 Bow Saw
29:41 Heavy Plow
29:17 Crossbowman
30:21 Leather Archer Armor
33:11 Pikeman
33:52 Squires
Connection lost

Rejoining the realm…

Still unreachable

The connection could not be restored.

Session expired

The server has moved on; the page needs a fresh start.